 Dungeon Crawl Stone Soup version 0.21-a0-286-g6fcecc0 (webtiles) character file.

11 Peppips the Grasshopper (level 2, 14/14 HPs)
             Began as a Spriggan Warper on Sept 27, 2017.
             Got out of the dungeon alive.
             The game lasted 00:02:57 (745 turns).

Peppips the Grasshopper (Spriggan Warper)            Turns: 745, Time: 00:02:58

Health: 14/14      AC:  2    Str:  7    XL:     2   Next: 13%
Magic:  6/6        EV: 18    Int: 14    God:
Gold:   18         SH:  0    Dex: 12    Spells: 4/6 levels left

rFire    . . .     SeeInvis +   a - +0 short sword
rCold    . . .     Gourm    .   (shield restricted)
rNeg     . . .     Faith    .   b - +0 robe
rPois    .         Spirit   .   (helmet restricted)
rElec    .         Reflect  .   (no cloak)
rCorr    .         Harm     .   (gloves unavailable)
MR       .....                  (boots unavailable)
Stlth    +.........             (no amulet)
HPRegen  0.04/turn              h - -3 ring of dexterity (curse)
MPRegen  0.10/turn              (no ring)

@: very quick
A: unfitting armour, see invisible, herbivore 3, speed 3, slow metabolism 2
a: no special abilities


You escaped.
You were not hungry.

You visited 1 branch of the dungeon, and saw 1 of its levels.

You collected 18 gold pieces.

Inventory:

Hand Weapons
 a - a +0 short sword (weapon)
Missiles
 e - 4 tomahawks of dispersal (quivered)
Armour
 b - a +0 robe (worn)
Jewellery
 h - a cursed -3 ring of dexterity (left hand)
Scrolls
 d - a scroll of blinking
 j - a scroll of teleportation {unknown}
Potions
 g - 2 potions of heal wounds {unknown}
 k - a potion of cancellation {unknown}
 l - a potion of lignification {unknown}
 m - a potion of haste {unknown}
Books
 c - a book of Spatial Translocations

   Spells                             Type                      Level
   a - Blink                          Translocation                2
   b - Shroud of Golubria             Charms/Translocation         2
   c - Lesser Beckoning               Translocation                3
   d - Gell's Gravitas                Translocation                3
   e - Teleport Other                 Translocation                3
   f - Passage of Golubria            Translocation                4
Comestibles
 f - 4 bread rations
 i - a royal jelly


   Skills:
 - Level 1.5 Fighting
 + Level 3.1 Short Blades
 - Level 1.0 Throwing
 - Level 3.5 Dodging
 - Level 2.6 Spellcasting
 + Level 4.4 Translocations


You had 4 spell levels left.
You knew the following spells:

 Your Spells              Type           Power        Failure   Level  Hunger
a - Shroud of Golubria    Chrm/Tloc      #.........   13%         2    ###....


Dungeon Overview and Level Annotations

Branches:
Dungeon (1/15)

Altars:


Innate Abilities, Weirdness & Mutations

You are very small and have problems with some larger weapons.
You are too small for most types of armour.
You have supernaturally acute eyesight. (SInv)
You are a herbivore.
You cover ground extremely quickly.
You need consume almost no food.


Message History

j - a scroll labeled ZAUTIUG MOISCH
Found 11 stones.
Found a stone staircase leading down.
k - a lumpy dark potion
Found 15 arrows.
Found 16 arrows.
You see here 16 arrows.
l - a metallic blue potion
m - an emerald potion
Found a stone staircase leading down.
There is a stone staircase leading down here.
As you open the door, it creaks loudly!
You open the door.
There is an open door here.
Found a dagger.
Things that are here:
a dagger; a goblin skeleton
There is a staircase leading out of the dungeon here.
Are you sure you want to leave the Dungeon?
This will make you lose the game!
You have escaped!

.##.#.#....###########.
.........#.P≈≈≈≈≈≈≈≈≈P.#
.#.##.#.....P≈≈≈≈≈≈≈P..#
.#.##........P≈≈≈≈≈P...#
.#.#######....P≈≈≈P....#
.#.............P≈P.....#
.(.########.....P......#
.### ##............#
.#########......@......#
......................##
....####.##.....P.....#
..#.# #.##....P≈P....#
....# #.##...P≈≈≈P...#
..### #.##..P≈≈≈≈≈P..#
..######.##.P≈≈≈≈≈≈≈P.#
...........P≈≈≈≈≈≈≈≈≈P#
#..........###########


There were no monsters in sight!

Vanquished Creatures
  An ooze (D:1)
  A bat (D:1)
  A giant cockroach (D:1)
  A goblin (D:1)
  A frilled lizard (D:1)
  A kobold (D:1)
  A rat (D:1)
7 creatures vanquished.

Notes
Turn   | Place    | Note
-------+----------+-------------------------------------------
     0 | D:1      | Peppips the Spriggan Warper began the quest for the Orb.
     0 | D:1      | Reached XP level 1. HP: 10/10 MP: 5/5
   306 | D:1      | Reached XP level 2. HP: 11/14 MP: 6/6
   311 | D:1      | Learned a level 2 spell: Shroud of Golubria
   745 | D:$      | Got out of the dungeon alive.

Vault maps used:
D:1:      eino_arrival_druids_welcome

Skill      XL: |  1 |
---------------+----+-----
Short Blades   | 3 |  3.1
Fighting       | |  1.5
Throwing       | |  1.0
Dodging        | |  3.5
Spellcasting   | |  2.6
Translocations | |  4.4

Action                   || total
-------------------------++-------
Melee: Short sword       ||    33
Throw: Tomahawk          ||     1
 Cast: Shroud of Golubri ||     4
Armor: Robe              ||     2
Dodge: Dodged            ||    20

Table legend:
 A = Spawn XP
 B = Non-spawn XP
 C = Spawn XP percentage of total XP
 D = Spawn monster count
 E = Non-spawn monster count
 F = Spawn count percentage of total count
 G = Total turns spent on level
                    A         B        C        D         E        F      G
               +---------+---------+-------+---------+---------+-------+---------
         Total |       0 |      16 |   0.0 |       0 |       7 |   0.0 |   745
               +---------+---------+-------+---------+---------+-------+---------
           D:1 |       0 |      16 |   0.0 |       0 |       7 |   0.0 |   745
               +---------+---------+-------+---------+---------+-------+---------
